 Dungeon Crawl Stone Soup version 0.22-a0-21-g9421e3f (webtiles) character file.

2032 Lanoc the Chopper (level 9, -7/69 HPs)
             Began as a Formicid Fighter on Jan 2, 2018.
             Was an Elder of Zin.
             Mangled by a two-headed ogre
             ... wielding a +0 giant club
              (22 damage)
             ... on level 8 of the Dungeon.
             The game lasted 00:18:27 (5995 turns).

Lanoc the Chopper (Formicid Fighter)                Turns: 5995, Time: 00:18:29

Health: -7/69      AC: 10    Str: 21    XL:     9   Next: 47%
Magic:  11/11      EV: 11    Int:  8    God:    Zin [****..]
Gold:   334        SH: 10    Dex: 13    Spells: 8/8 levels left

rFire    . . .     SeeInvis +   e - +0 broad axe (chop)
rCold    . . .     Gourm    .   c - +0 shield
rNeg     . . .     Faith    .   D - +2 scale mail {rPois}
rPois    +         Spirit   .   (helmet unavailable)
rElec    .         Reflect  .   p - +0 cloak
rCorr    +         Harm     .   (no gloves)
MR       .....                  (no boots)
Stlth    ..........             h - amulet of regeneration
HPRegen  0.61/turn              n - ring of flight
MPRegen  0.12/turn              d - ring of resist corrosion

@: no status effects
A: permanent stasis, dig shafts and tunnels, four strong arms, antennae 3
a: Dig, Shaft Self, Recite, Vitalisation, Imprison, Donate Gold, Renounce
Religion, Evoke Flight


You were on level 8 of the Dungeon.
You worshipped Zin.
Zin was greatly pleased with you.
You were not hungry.

You visited 2 branches of the dungeon, and saw 9 of its levels.

You collected 371 gold pieces.
You donated 37 gold pieces to Zin.

Inventory:

Hand Weapons
 a - a +0 war axe
 e - a +0 broad axe of chopping (weapon)
 v - a +0 hunting sling
Missiles
 u - 58 sling bullets
Armour
 c - a +0 shield (worn)
 p - a +0 cloak (worn)
 D - a +2 scale mail of poison resistance (worn)
Jewellery
 d - a ring of resist corrosion (right hand)
 h - an amulet of regeneration (around neck)
 j - an uncursed amulet of the gourmand {unknown}
 n - a ring of flight (left hand)
Wands
 b - a wand of enslavement (19)
 m - a wand of iceblast (12)
Scrolls
 g - a scroll of magic mapping
 i - a scroll of blinking {unknown}
 q - a scroll of amnesia {unknown}
 r - a scroll of enchant armour {unknown}
 t - 2 scrolls of remove curse
 y - a scroll of fear {unknown}
 A - a scroll of fog
 B - a scroll of enchant weapon {unknown}
 E - a scroll of vulnerability {unknown}
 F - a scroll of identify
Potions
 k - a potion of heal wounds
 l - a potion of flight
 o - a potion of ambrosia {unknown}
 s - 3 potions of brilliance {unknown}
 w - 2 potions of cancellation {unknown}
 x - 2 potions of magic {unknown}
 z - a potion of haste {unknown}
 C - a potion of might
Books
 H - a book of Beasts

   Spells                             Type                      Level
   a - Summon Butterflies             Summoning                    1
   b - Call Canine Familiar           Summoning                    3
   c - Summon Ice Beast               Ice/Summoning                4
   d - Summon Mana Viper              Hexes/Summoning              5
   e - Summon Hydra                   Summoning                    7
Comestibles
 f - 9 rations
 G - 3 chunks of flesh


   Skills:
 + Level 5.7 Fighting
 * Level 6.6 Axes
 + Level 3.2 Slings
 + Level 6.0 Armour
 + Level 3.7 Dodging
 + Level 6.3 Shields
 + Level 3.6 Invocations


You had 8 spell levels left.
You didn't know any spells.

Dungeon Overview and Level Annotations

Branches:
Dungeon (8/15)             Temple (1/1) D:7
   Lair: D:8-11

Altars:
Ashenzari
Cheibriados
Dithmenos
Elyvilon
Gozag
Hepliaklqana
Kikubaaqudgha
Makhleb
Nemelex Xobeh
Okawaru
Ru
Sif Muna
Trog
Uskayaw
Vehumet
Wu Jian
Xom
Yredelemnul
Zin
The Shining One

Shops:
D:6 }


Innate Abilities, Weirdness & Mutations

You cannot be hasted, slowed, berserked, paralysed or teleported.
You can dig through walls and to a lower floor.
Your four strong arms can wield two-handed weapons with a shield.
You have a pair of large antennae on your head. (SInv)


Message History

The two-headed ogre is lightly wounded.
The two-headed ogre hits you with a giant club.
The two-headed ogre hits you with a giant spiked club!
You hit the two-headed ogre.
The two-headed ogre is moderately wounded.
You block the two-headed ogre's attack.
The two-headed ogre hits you but does no damage.
You slice the two-headed ogre!!
The two-headed ogre is severely wounded.
The two-headed ogre hits you with a giant club!
You block the two-headed ogre's attack.
You closely miss the two-headed ogre.
The two-headed ogre is severely wounded.
The two-headed ogre hits you with a giant club!
The two-headed ogre hits you with a giant spiked club!
* * * LOW HITPOINT WARNING * * *
You hit the two-headed ogre but do no damage.
The two-headed ogre is severely wounded.
The two-headed ogre hits you with a giant club!!
You die...

### ### #.############.#
#........#..O@.#
#.######.#.###.#
#.#...<#.# #.# #.#.####.#
###.####### #.#......#
#.........#
####.########.#.........#
..............#.........#
#####.######..#.........#
........# #..#.........#


You could see a two-headed ogre.

Vanquished Creatures
  Grinder (D:6)
  Sigmund (D:3)
  A water moccasin (D:5)
  Duvessa (D:5)
  An orc warrior (D:5)
  2 ice beasts (D:6)
  A centaur (D:5)
  An ogre (D:3)
  A bullfrog (D:8)
  A wyvern zombie (D:6)
  2 scorpions (D:5)
  Dowan (D:5)
  The ghost of arkorax the Ruffian, a weakling MiWz of Cheibriados (D:4)
  3 howler monkeys (D:7)
  A crimson imp (D:7)
  2 hounds
  A bullfrog zombie (D:7)
  2 jellies
  A bullfrog skeleton (D:6)
  2 orc wizards
  An orc priest (D:3)
  Crazy Yiuf (D:6)
  Jessica (D:3)
  Terence (D:2)
  A hound skeleton (D:6)
  Robin (D:2)
  10 adders
  2 oozes
  An adder zombie (D:5)
  2 worms
  2 dart slugs
  4 leopard geckos
  16 orcs
  4 giant cockroaches
  17 goblins
  13 hobgoblins
  3 jackals (D:5)
  4 quokkas
  6 bats
  3 frilled lizards
  6 kobolds
  A quokka skeleton (D:7)
  9 rats
136 creatures vanquished.

Vanquished Creatures (others)
  An orc wizard (D:3)
1 creature vanquished.

Grand Total: 137 creatures vanquished

Notes
Turn   | Place    | Note
-------+----------+-------------------------------------------
     0 | D:1      | Lanoc the Formicid Fighter began the quest for the Orb.
     0 | D:1      | Reached XP level 1. HP: 18/18 MP: 1/1
   143 | D:1      | Reached XP level 2. HP: 24/24 MP: 2/2
   526 | D:1      | Reached XP level 3. HP: 29/29 MP: 3/3
   947 | D:2      | Reached skill level 1 in Dodging
   962 | D:2      | Reached XP level 4. HP: 33/36 MP: 4/4
  1159 | D:2      | Found a glowing silver altar of Zin.
  1177 | D:2      | Became a worshipper of Zin the Law-Giver
  1177 | D:2      | Reached * piety under Zin
  1241 | D:2      | Found a hide-covered altar of Uskayaw.
  1255 | D:2      | Noticed Terence
  1263 | D:2      | Killed Terence
  1263 | D:2      | Reached XP level 5. HP: 40/42 MP: 5/5
  1572 | D:3      | Noticed Robin
  1573 | D:3      | Noticed Sigmund
  1654 | D:2      | Killed Robin
  1839 | D:3      | Reached XP level 6. HP: 34/48 MP: 6/6
  2064 | D:3      | Noticed an ogre
  2073 | D:3      | Killed an ogre
  2143 | D:3      | Killed Sigmund
  2143 | D:3      | Reached XP level 7. HP: 55/55 MP: 7/7
  2231 | D:3      | Reached ** piety under Zin
  2263 | D:3      | Noticed Jessica
  2273 | D:3      | Killed Jessica
  2558 | D:4      | Noticed arkorax's ghost (weakling MiWz)
  2570 | D:4      | Killed arkorax's ghost
  2570 | D:4      | Reached skill level 5 in Shields
  2819 | D:4      | Found a snail-covered altar of Cheibriados.
  3084 | D:4      | Found a deep blue altar of Sif Muna.
  3219 | D:5      | Entered Level 5 of the Dungeon
  3283 | D:5      | Reached skill level 1 in Slings
  3283 | D:5      | Reached skill level 1 in Invocations
  3286 | D:5      | Noticed a water moccasin
  3294 | D:5      | Killed a water moccasin
  3294 | D:5      | Reached skill level 5 in Axes
  3294 | D:5      | Reached skill level 5 in Armour
  3294 | D:5      | Reached XP level 8. HP: 22/61 MP: 8/8
  3450 | D:5      | Reached *** piety under Zin
  3523 | D:5      | Got a fine leather armour
  3534 | D:5      | Identified the cursed +0 leather armour "Riwkasan" {Int+2} (You found it on level 5 of the Dungeon)
  3537 | D:5      | Noticed Duvessa
  3537 | D:5      | Noticed Dowan
  3556 | D:5      | Killed Dowan
  3562 | D:5      | Killed Duvessa
  3562 | D:5      | Reached skill level 5 in Fighting
  3895 | D:6      | Found Farhyent's Gadget Shoppe.
  3899 | D:6      | Noticed Grinder
  3990 | D:6      | Killed Grinder
  4263 | D:5      | Reached XP level 9. HP: 33/68 MP: 11/11
  4457 | D:6      | Zin protects you from harm!
  5159 | D:6      | Found a runed door.
  5340 | D:6      | Noticed Crazy Yiuf
  5348 | D:6      | Killed Crazy Yiuf
  5394 | D:7      | Found a staircase to the Ecumenical Temple.
  5450 | Temple   | Entered the Ecumenical Temple
  5589 | D:7      | Found a white marble altar of Elyvilon.
  5702 | D:7      | Found a shimmering altar of Xom.
  5737 | D:7      | Found a shimmering altar of Xom.
  5737 | D:7      | Found a shattered altar of Ashenzari.
  5739 | D:7      | Found a sparkling altar of Nemelex Xobeh.
  5739 | D:7      | Found a sparkling altar of Nemelex Xobeh.
  5739 | D:7      | Found a hide-covered altar of Uskayaw.
  5816 | D:7      | Reached **** piety under Zin
  5984 | D:8      | Noticed a two-headed ogre
  5995 | D:8      | Mangled by a two-headed ogre

Vault maps used:
D:1:      sevenhm_arrival_forest_fort_large_4
D:2:      old_standard_altar, overflow_temple_1_default, first_ration,
          uniq_terence
D:3:      kennysheep_jessica_study, uniq_robin, uniq_sigmund
D:4:      overflow_temple_1_default, led_sif_pool
D:5:      grunt_ministairs_1, uniq_duvessa
D:6:      serial_shops, shop, uniq_grinder, uniq_crazy_yiuf_cottage
D:7:      doesnt_xom_only_xom, kennysheep_mini, minmay_temple_entry_mist,
          hangedman_abyss_or_decor_lesser_grid
D:8:      serial_shops, shop, blue_anna_alchemist, fedhas_altar_fruit_tree
Temple:   eino_temple_scatter_basement

Skill      XL: |  1  2  3  4  5  6  7  8  9 |
---------------+----------------------------+-----
Dodging        | 1 2 3 |  3.7
Shields        | 4 5 6 |  6.3
Axes           | 3 4 5 6 |  6.6
Armour         | 4 5 6 |  6.0
Fighting       | 4 5 |  5.7
Slings         | 1 2 3 |  3.2
Invocations    | 1 2 3 |  3.6

Action                   |  1- 3 |  4- 6 |  7- 9 || total
-------------------------+-------+-------+-------++-------
Melee: War axe           |    66 |   189 |   229 ||   484
       Broad axe         |       |       |    81 ||    81
Invok: Recite            |       |       |     1 ||     1
 Abil: Dig               |     1 |       |       ||     1
  Use: Potion            |       |     1 |     3 ||     4
       Scroll            |       |       |     7 ||     7
  Eat: Chunk             |       |     5 |     6 ||    11
       Ration            |       |       |     2 ||     2
Armor: Scale mail        |    36 |    59 |    90 ||   185
       Leather armour    |       |       |     5 ||     5
Dodge: Dodged            |    18 |    76 |   133 ||   227
Block: Shield            |    44 |   101 |   184 ||   329

Table legend:
 A = Spawn XP
 B = Non-spawn XP
 C = Spawn XP percentage of total XP
 D = Spawn monster count
 E = Non-spawn monster count
 F = Spawn count percentage of total count
 G = Total turns spent on level
                    A         B        C        D         E        F      G
               +---------+---------+-------+---------+---------+-------+---------
         Total |       0 |    2904 |   0.0 |       0 |     136 |   0.0 |  5995
               +---------+---------+-------+---------+---------+-------+---------
           D:1 |       0 |      41 |   0.0 |       0 |      21 |   0.0 |   899
           D:2 |       0 |     125 |   0.0 |       0 |      24 |   0.0 |   747
           D:3 |       0 |     564 |   0.0 |       0 |      40 |   0.0 |   912
           D:4 |       0 |      94 |   0.0 |       0 |       9 |   0.0 |   661
           D:5 |       0 |     849 |   0.0 |       0 |      14 |   0.0 |   956
           D:6 |       0 |     797 |   0.0 |       0 |      16 |   0.0 |  1198
           D:7 |       0 |     344 |   0.0 |       0 |      11 |   0.0 |   434
           D:8 |       0 |      90 |   0.0 |       0 |       1 |   0.0 |    74
               +---------+---------+-------+---------+---------+-------+---------
